 Dungeon Crawl Stone Soup version 0.30-a0-170-g85af917532 (webtiles) character file.

Game seed: 6821328411506760517

454 qw the Chopper (level 7, -7/43 HPs)
             Began as a Gargoyle Fighter on Sept 30, 2022.
             Was a Follower of Okawaru.
             Killed by divine providence
             ... invoked by an orc priest
              (13 damage)
             ... on level 4 of the Dungeon.
             The game lasted 00:01:20 (3188 turns).

qw the Chopper (Gargoyle Fighter)                   Turns: 3188, Time: 00:01:21

Health: -7/43      AC: 18    Str: 22    XL:     7   Next: 5%
Magic:  5/7        EV:  7    Int:  8    God:    Okawaru [*.....]
Gold:   133        SH:  5    Dex:  9    Spells: 6/6 levels left

rFire   . . .      SeeInvis .    Y - +0 broad axe
rCold   + . .      Faith    .    c - +0 buckler
rNeg    + . .      Spirit   .    g - +0 plate armour
rPois   inf        Reflect  .    (no helmet)
rElec   +          Harm     .    (no cloak)
rCorr   .          Rampage  .    (no gloves)
Will    .....                    (no boots)
Stlth   ..........               (no amulet)
HPRegen 0.14/turn                a - ring of protection from cold
MPRegen 0.10/turn                (no ring)

@: heroic
A: sickness immunity, AC +4, negative energy resistance 1, electricity
resistance, torment resistance 1, petrification resistance
a: Renounce Religion, Heroism


You were on level 4 of the Dungeon.
You worshipped Okawaru.
Okawaru was aware of your devotion.
You visited 1 branch of the dungeon, and saw 4 of its levels.

You collected 133 gold pieces.


Innate Abilities, Weirdness & Mutations

You are immune to sickness and miasma.
Your stone body is resilient. (AC +4)
You are immune to poison.
You resist negative energy. (rN+)
You are resistant to electric shocks. (rElec)
You are resistant to unholy torment.
You are immune to petrification.


   Skills:
 - Level 4.1(9.1) Fighting
 + Level 6.4(11.4) Axes
 - Level 3.2(8.2) Armour
 - Level 3.2(8.2) Shields
 + Level 0.0 Invocations


You had 6 spell levels left.
You didn't know any spells.
Your spell library was empty.

Inventory:

Hand Weapons
 r - a +0 flail
 Y - a +0 broad axe (weapon)
Armour
 c - a +0 buckler (worn)
 g - a +0 plate armour (worn)
Jewellery
 a - a ring of protection from cold (left hand)
 f - a +4 ring of protection
Scrolls
 h - a scroll of identify
Potions
 b - a potion of heal wounds {unknown}
 d - 2 potions of might
 e - 2 potions of haste
 l - 3 potions of curing
 n - a potion of cancellation {unknown}
 o - a potion of resistance {unknown}

Dungeon Overview and Level Annotations

Branches:
Dungeon (4/15)
 Temple: D:4-7

Altars:
Cheibriados
Dithmenos
Okawaru
Qazlal
Vehumet
Wu Jian
Yredelemnul
The Shining One

Annotations:
D:4 Duvessa, Eustachio


Message History

The magic dart hits you.
The iguana bites you but does no damage.
You completely miss the iguana.
The iguana is severely wounded.
You closely miss something. x2
Something hits you but does no damage. Something hits you.
The iguana bites you but does no damage.
You hit the iguana.
The iguana is almost dead.
You closely miss something. You hit something.
Something hits you but does no damage. x2; You block the iguana's attack.
You slice the iguana!!
You kill the iguana!
Okawaru accepts your kill.
You can now gain great but temporary skills.
You hit something but do no damage. You closely miss something.
Your surroundings suddenly seem different.
You have reached level 7!
Enter note: You swing at nothing.
Eustachio the Magnificent comes into view.
He is wielding a +1 rapier of venom.
3181 ||| Stepping ~*~*~tactically~*~*~ (stealth).
3182 ||| INVOKING Heroism.
You gain the combat prowess of a mighty hero.
Eustachio shouts!
The orc priest shouts!
You hear a shout!
Eustachio mumbles some strange words.
Eustachio blinks!
3183 ||| Stepping ~*~*~tactically~*~*~ (hiding).
3184 ||| Stepping ~*~*~tactically~*~*~ (hiding).
You slash the orc priest!
The orc priest is almost dead.
You block the orc priest's attack.
You hit the orc priest but do no damage.
The orc priest is almost dead.
The orc priest looks satisfied for a moment.
You closely miss the orc priest.
The orc priest is almost dead.
The orc priest mumbles some strange prayers to Beogh against you.
Beogh smites you!
You die...

.....###### .#
#........)o..###.#
.........#)......#
#........#<%.....#
.........#.......#
........#.......#
.......#######.#
####.#'#.#######..
.........@o.@o...
####.....##....##
###....'....#
######....# ...#
#... #.


You could see Eustachio, an orc priest and an orc.

Vanquished Creatures
  A black bear (D:4)
  Dowan (D:4)
  A hound (D:4)
  2 orc priests (D:4)
  An iguana (D:4)
  An orc wizard (D:4)
  A gnoll (D:1)
  6 adders
  3 worms (D:3)
  4 dart slugs
  7 orcs
  8 ball pythons
  5 bats
  9 endoplasms
  5 goblins
  8 hobgoblins
  3 jackals (D:2)
  5 kobolds
  5 quokkas
  6 frilled lizards
  5 rats
87 creatures vanquished.

Vanquished Creatures (others)
  2 fungi (D:3)
  A plant (D:3)
  A withered plant (D:3)
4 creatures vanquished.

Grand Total: 91 creatures vanquished

Notes
Turn   | Place    | Note
-------+----------+-------------------------------------------
     0 | D:1      | qw the Gargoyle Fighter began the quest for the Orb.
     0 | D:1      | Reached XP level 1. HP: 14/14 MP: 1/1
     0 | D:1      | 0 ||| qw: Version: 0.2-a-12-gaebbb33
     0 | D:1      | 0 ||| qw: Game counter: 1536
     0 | D:1      | 0 ||| qw: Always use a shield: true
     0 | D:1      | 0 ||| qw: God list: Okawaru
     0 | D:1      | 0 ||| qw: Allow faded altars: false
     0 | D:1      | 0 ||| qw: Do Orc after D:15 true
     0 | D:1      | 0 ||| qw: Do second Lair branch before Depths: true
     0 | D:1      | 0 ||| qw: Lair rune preference: random
     0 | D:1      | 0 ||| qw: Plans: Normal, Zot:1-4, God:TSO, Crypt, Tomb,
                  | Pan, Slime:5, Hells, Abyss, Orb
     0 | D:1      | 0 ||| PLANNING D:1-11
    27 | D:1      | 27 ||| Stepping ~*~*~tactically~*~*~ (stealth).
    37 | D:1      | Reached skill level 2 in Axes
    90 | D:1      | 90 ||| Stepping ~*~*~tactically~*~*~ (hiding).
   105 | D:1      | Reached XP level 2. HP: 11/19 MP: 2/2
   629 | D:1      | Reached skill level 3 in Axes
   629 | D:1      | Reached XP level 3. HP: 18/23 MP: 3/3
  1021 | D:1      | 1021 ||| UPGRADING to +0 chain mail.
  1031 | D:1      | 1031 ||| DROPPING +0 scale mail.
  1032 | D:1      | 1032 ||| READING 2 scrolls labelled QAUQUA GIL LARGH.
  1033 | D:1      | 1033 ||| READING 3 scrolls labelled AGITYDARGHOL.
  1134 | D:1      | 1134 ||| READING 2 scrolls labelled VEQINW GIDAETOYCW.
  1135 | D:1      | 1135 ||| READING scroll labelled YTIWKEWNACS.
  1136 | D:1      | 1136 ||| DROPPING scroll of fog.
  1137 | D:1      | 1137 ||| DROPPING 2 scrolls of silence.
  1178 | D:2      | 1178 ||| Stepping ~*~*~tactically~*~*~ (stealth).
  1241 | D:2      | Found a snail-covered altar of Cheibriados.
  1310 | D:2      | 1310 ||| Stepping ~*~*~tactically~*~*~ (stealth).
  1311 | D:2      | 1311 ||| Stepping ~*~*~tactically~*~*~ (stealth).
  1992 | D:2      | 1992 ||| UPGRADING to ring of protection from cold.
  1993 | D:2      | 1993 ||| READING scroll labelled VOUSAI ZOAMUM.
  1994 | D:2      | 1994 ||| DRINKING 4 golden potions.
  1995 | D:2      | 1995 ||| READING 3 scrolls of identify.
  1995 | D:2      | 1995 ||| IDENTIFYING fuming inky potion
  1996 | D:2      | 1996 ||| READING 2 scrolls of identify.
  1996 | D:2      | 1996 ||| IDENTIFYING sapphire potion
  1997 | D:2      | 1997 ||| DROPPING potion of degeneration.
  2024 | D:3      | Reached XP level 4. HP: 28/28 MP: 4/4
  2031 | D:3      | Found a faded altar of an unknown god.
  2048 | D:3      | Reached skill level 4 in Axes
  2062 | D:3      | 2062 ||| SWAPPING to +0 broad axe.
  2156 | D:3      | 2156 ||| DROPPING +0 war axe.
  2181 | D:3      | Found a radiant altar of Vehumet.
  2193 | D:3      | Found an ornate altar of the Wu Jian Council.
  2338 | D:3      | 2338 ||| DROPPING +0 club.
  2388 | D:3      | 2388 ||| Stepping ~*~*~tactically~*~*~ (stealth).
  2391 | D:3      | 2391 ||| Stepping ~*~*~tactically~*~*~ (stealth).
  2392 | D:3      | 2392 ||| Stepping ~*~*~tactically~*~*~ (stealth).
  2413 | D:3      | 2413 ||| Stepping ~*~*~tactically~*~*~ (stealth).
  2424 | D:3      | Reached XP level 5. HP: 32/32 MP: 5/5
  2691 | D:3      | 2691 ||| Stepping ~*~*~tactically~*~*~ (stealth).
  2718 | D:3      | 2718 ||| DROPPING +0 mace.
  2719 | D:3      | 2719 ||| DROPPING +1 whip of draining.
  2721 | D:3      | Found a shadowy altar of Dithmenos.
  2724 | D:3      | Found a stormy altar of Qazlal.
  2727 | D:3      | Found an iron altar of Okawaru.
  2727 | D:3      | Found a glowing golden altar of the Shining One.
  2728 | D:3      | 2728 ||| PLANNING OKAWARU WORSHIP
  2728 | D:3      | 2728 ||| UPGRADING to +0 plate armour.
  2738 | D:3      | 2738 ||| DROPPING +0 chain mail.
  2739 | D:3      | 2739 ||| READING scroll labelled XECWYMIDGHY.
  2740 | D:3      | 2740 ||| READING scroll labelled HINYEH QUPPU.
  2741 | D:3      | 2741 ||| READING scroll labelled FEGYCSEIDGH.
  2746 | D:3      | Became a worshipper of Warmaster Okawaru
  2747 | D:3      | 2747 ||| PLANNING D:1-11
  2749 | D:3      | Found a basalt altar of Yredelemnul.
  2903 | D:3      | 2903 ||| DRINKING 2 emerald potions.
  2904 | D:3      | 2904 ||| DROPPING potion of brilliance.
  2928 | D:4      | 2928 ||| STAIRDANCE
  2966 | D:4      | Noticed a black bear
  2972 | D:4      | Killed a black bear
  2973 | D:4      | Reached skill level 5 in Axes
  2973 | D:4      | Reached XP level 6. HP: 37/37 MP: 6/6
  2978 | D:4      | 2978 ||| Stepping ~*~*~tactically~*~*~ (hiding).
  2997 | D:4      | 2997 ||| Stepping ~*~*~tactically~*~*~ (stealth).
  2998 | D:4      | 2998 ||| STAIRDANCE
  3017 | D:3      | 3017 ||| READING scroll labelled ITESTR TEOLAWAB.
  3116 | D:4      | Noticed Duvessa
  3117 | D:4      | 3117 ||| Stepping ~*~*~tactically~*~*~ (stealth).
  3144 | D:4      | Noticed Dowan
  3148 | D:4      | 3148 ||| Stepping ~*~*~tactically~*~*~ (hiding).
  3169 | D:4      | Killed Dowan
  3170 | D:4      | Reached skill level 6 in Axes
  3174 | D:4      | HP: 7/38 [orc wizard/puff of flame (7)]
  3175 | D:4      | 3175 ||| READING scroll of teleportation.
  3176 | D:4      | 3176 ||| DRINKING 4 potions of curing.
  3176 | D:4      | 3176 ||| (to cure confusion)
  3179 | D:4      | Reached * piety under Okawaru
  3180 | D:4      | Reached XP level 7. HP: 5/43 MP: 7/7
  3180 | D:4      | Noticed Eustachio
  3181 | D:4      | 3181 ||| Stepping ~*~*~tactically~*~*~ (stealth).
  3182 | D:4      | 3182 ||| INVOKING Heroism.
  3183 | D:4      | 3183 ||| Stepping ~*~*~tactically~*~*~ (hiding).
  3184 | D:4      | 3184 ||| Stepping ~*~*~tactically~*~*~ (hiding).
  3188 | D:4      | Killed from afar by an orc priest

Levels and vault maps discovered:
D:1:      roderic_crossed_star, layout_basic, minmay_heptomino_d4
D:2:      layout_basic, basic_altar
D:3:      layout_rooms, mainiacjoe_overflow_large_starburst,
          nicolae_overflow_hallway_of_the_gods, shapermc_ecumenical_altar_gd,
          minmay_fractal_squares_diagonal_5
D:4:      layout_basic, gammafunk_ghost_icy, uniq_duvessa, uniq_eustachio

Skill      XL: |  1  2  3  4  5  6 |
---------------+-------------------+-----
Axes           | 2 3 4 5 6 |  6.4
Fighting       | 4 |  4.1
Armour         | |  3.2
Shields        | |  3.2

Action                   |  1- 3 |  4- 6 |  7- 9 || total
-------------------------+-------+-------+-------++-------
Melee: War axe           |    95 |     6 |       ||   101
       Broad axe         |       |   147 |     3 ||   150
Invok: Heroism           |       |       |     1 ||     1
  Use: Scroll            |     7 |     5 |       ||    12
       Potion            |     1 |     2 |       ||     3
Armor: Scale mail        |    25 |       |       ||    25
       Chain mail        |    24 |    46 |       ||    70
       Plate armour      |       |    76 |       ||    76
Dodge: Dodged            |    28 |    41 |       ||    69
Block: Buckler           |    13 |    35 |     1 ||    49

Table legend:
 A = Non-vault XP
 B = Vault XP
 C = Vault XP percentage of total XP
 D = Non-vault monster count
 E = Vault monster count
 F = Vault count percentage of total count
                 A         B        C        D         E       F
            +---------+---------+-------+---------+---------+-------
      Total |     530 |     119 |  18.3 |      72 |      15 |  17.2
            +---------+---------+-------+---------+---------+-------
        D:1 |      41 |       6 |  12.8 |      14 |       4 |  22.2
        D:2 |      30 |       0 |   0.0 |      17 |       0 |   0.0
        D:3 |      85 |      44 |  34.1 |      23 |      10 |  30.3
        D:4 |     374 |      69 |  15.6 |      18 |       1 |   5.3
            +---------+---------+-------+---------+---------+-------
